 Dungeon Crawl Stone Soup version 0.29-a0-1027-gcd8c55af63 (webtiles) character file.

Game seed: 6587315702586431229

473 rngdf the Vexing (level 6, 0/28 HPs)
             Began as a Spriggan Enchanter on Aug 12, 2022.
             Killed by divine providence
             ... invoked by an orc priest
              (14 damage)
             ... on level 4 of the Dungeon.
             The game lasted 00:09:47 (5140 turns).

rngdf the Vexing (Spriggan Enchanter)               Turns: 5140, Time: 00:09:48

Health: 0/28       AC:  4    Str:  6    XL:     6   Next: 83%
Magic:  14/16      EV: 17    Int: 16    God:
Gold:   237        SH:  0    Dex: 16    Spells: 9/17 levels left

rFire   . . .      SeeInvis +   a - +1 dagger (elec)
rCold   . . .      Faith    .   (no shield)
rNeg    . . .      Spirit   .   b - +1 robe
rPois   .          Reflect  .   (helmet restricted)
rElec   .          Harm     .   e - +0 cloak
rCorr   .          Rampage  .   (gloves unavailable)
Will    +....                   (boots unavailable)
Stlth   +++.......              (no amulet)
HPRegen 0.09/turn               (no ring)
MPRegen 0.15/turn               (no ring)

@: very quick
A: very small, no large weapons, unfitting armour, see invisible, speed 3
a: no special abilities


You were on level 4 of the Dungeon.
You visited 1 branch of the dungeon, and saw 4 of its levels.

You collected 237 gold pieces.

Inventory:

Hand Weapons
 a - a +1 dagger of electrocution (weapon)
Missiles
 h - 7 poisoned darts (quivered)
 j - 4 curare-tipped darts
Armour
 b - a +1 robe (worn)
 e - a +0 cloak (worn)
Wands
 d - a wand of mindburst (17)
Potions
 c - 2 potions of invisibility
 g - a potion of haste


   Skills:
 - Level 1.1 Short Blades
 - Level 2.6 Dodging
 + Level 5.9 Stealth
 + Level 6.3 Spellcasting
 + Level 6.7 Hexes


You had 9 spell levels left.
You knew the following spells:

 Your Spells              Type           Power      Damage    Failure   Level
a - Ensorcelled Hibernat  Hex/Ice        30%        N/A       4%          2
b - Tukima's Dance        Hex            26%        N/A       2%          3
d - Confusing Touch       Hex            26%        N/A       2%          3

Your spell library contained the following spells:

 Spells                   Type           Power      Damage    Failure   Level
 Dazzling Flash           Conj/Hex       30%        N/A       10%         3
 Apportation              Tloc           10%        N/A       14%         1
 Necrotise                Necr           20%        1d5       14%         1
 Sting                    Tmut/Pois      20%        1d4       14%         1
 Summon Small Mammal      Summ           20%        N/A       14%         1
 Poisonous Vapours        Pois/Air       10%        N/A       21%         2
 Olgreb's Toxic Radiance  Pois           5%         N/A       80%         4


Dungeon Overview and Level Annotations

Branches:
Dungeon (4/15)
 Temple: D:4-7

Altars:
Qazlal

Shops:
D:2 :


Innate Abilities, Weirdness & Mutations

You are very small and have problems with some larger weapons.
You are too small for most types of armour.
You have supernaturally acute eyesight. (SInv)
You cover ground extremely quickly. (Speed+++)


Message History

You hit the hobgoblin.
You kill the hobgoblin!
No target in view!
d - a wand of mindburst (17)
Things that are here:
a +0 dagger; a hobgoblin corpse Unknown command.
Unknown command.
Things that are here:
a +0 dagger; a hobgoblin corpse You see here a +0 giant spiked club.
An orc priest is nearby!
You see here a +0 mace.
Casting: Ensorcelled Hibernation (safe; 4% risk of failure)
Confirm with . or Enter, or press ? or * to list all spells.
Okay, then.
You catch the helpless orc priest completely off-guard!
You puncture the orc priest!
The orc priest is almost dead.
The orc priest calls down the wrath of Beogh upon you.
Pain shoots through your body!
Ouch! That really hurt!
Unknown command.
Casting: Ensorcelled Hibernation (safe; 4% risk of failure)
Confirm with . or Enter, or press ? or * to list all spells.
Aiming: Ensorcelled Hibernation (safe; 4% risk of failure)
Press: ? - help, Shift-Dir - straight line, f - orc priest
Aim: an orc priest, wielding a +0 hand axe and wearing a +0 chain mail (almost dead, chance to affect: 49%)
Okay, then.
Unknown command.
Casting: Ensorcelled Hibernation (safe; 4% risk of failure)
Confirm with . or Enter, or press ? or * to list all spells.
Aiming: Ensorcelled Hibernation (safe; 4% risk of failure)
Press: ? - help, Shift-Dir - straight line, f - orc priest
Aim: an orc priest, wielding a +0 hand axe and wearing a +0 chain mail (almost dead, chance to affect: 49%)
The orc priest resists with some effort.
The orc priest invokes the aid of Beogh against you.
Beogh smites you!
Ouch! That really hurt!
You die...

#.........##.....)........
#.......#...#.####(.......
#.......###.#.##...##.....
#................#.##.....
#.....<####......#.##.....
#......####...............
#................#........
#......##.####.<.#.#....#.
#......#.@# #......#.....
########.o####.###....#...
#.......# #........
#.....########.###....
#...#.#.# ####...###....
..o....... ...).#.##.....
..o......## #....##.....
.....##### ##........#.. .
.## ####.......###..


You could see an orc priest.

Vanquished Creatures
  A phantom (D:4)
  2 scorpions
  An orc priest (D:3)
  An iguana (D:4)
  2 adders
  3 gnolls (D:4)
  2 ufetubi
  A worm (D:2)
  2 dart slugs
  10 orcs
  4 endoplasms
  3 giant cockroaches
  5 hobgoblins
  4 jackals (D:2)
  4 kobolds
  9 ball pythons
  5 bats
  2 goblins
  12 rats
73 creatures vanquished.

Vanquished Creatures (collateral kills)
  An ogre (D:4)
  A goblin (D:4)
2 creatures vanquished.

Grand Total: 75 creatures vanquished

Notes
Turn   | Place    | Note
-------+----------+-------------------------------------------
     0 | D:1      | rngdf the Spriggan Enchanter began the quest for the Orb.
     0 | D:1      | Reached XP level 1. HP: 9/9 MP: 5/5
   158 | D:1      | Reached XP level 2. HP: 4/13 MP: 7/7
   161 | D:1      | Learned a level 2 spell: Ensorcelled Hibernation
  1670 | D:2      | Found Weiclac's Book Boutique.
  1761 | D:2      | Reached XP level 3. HP: 16/16 MP: 9/9
  1766 | D:2      | Learned a level 3 spell: Tukima's Dance
  1770 | D:2      | Learned a level 3 spell: Confusing Touch
  2337 | D:3      | Found a faded altar of an unknown god.
  2471 | D:3      | Noticed a scorpion
  2473 | D:3      | Found a stormy altar of Qazlal.
  2503 | D:3      | Killed a scorpion
  2504 | D:3      | Reached skill level 5 in Hexes
  2504 | D:3      | Reached XP level 4. HP: 21/21 MP: 5/11
  3347 | D:4      | Noticed an ogre
  3362 | D:4      | Killed an ogre
  3363 | D:4      | Reached skill level 5 in Spellcasting
  3363 | D:4      | Reached XP level 5. HP: 15/24 MP: 2/14
  4152 | D:4      | Reached XP level 6. HP: 15/28 MP: 8/15
  4301 | D:4      | Reached skill level 5 in Stealth
  5140 | D:4      | Killed from afar by an orc priest

Illustrated notes

Levels and vault maps discovered:
D:1:      onia_arrival_handbag, layout_basic
D:2:      layout_loops_ring, serial_shops, shop
D:3:      layout_loops_ring, mainiacjoe_overflow_small_starburst,
          shapermc_ecumenical_altar_starsandcircs
D:4:      layout_rooms

Skill      XL: |  1  2  3  4  5  6 |
---------------+-------------------+-----
Spellcasting   | 3 4 5 6 |  6.3
Hexes          | 4 5 6 |  6.7
Stealth        | 5 |  5.9
Short Blades   | |  1.1
Dodging        | |  2.6

Action                   |  1- 3 |  4- 6 || total
-------------------------+-------+-------++-------
Melee: Dagger            |   105 |   129 ||   234
Throw: Dart              |     4 |       ||     4
 Cast: Ensorcelled Hiber |    12 |    27 ||    39
       Tukima's Dance    |       |     4 ||     4
       Confusing Touch   |       |     2 ||     2
  Use: Scroll            |     4 |     3 ||     7
       Potion            |       |     2 ||     2
 Stab: Sleeping          |    17 |    21 ||    38
       Distracted        |     1 |     1 ||     2
       Confused          |       |     1 ||     1
Armor: Robe              |    12 |    21 ||    33
Dodge: Dodged            |    75 |   113 ||   188

Table legend: (Time is in decaauts)
 A = Elapsed time spent in this place.
 B = Non-inter-level travel time spent in this place.
 C = Inter-level travel time spent in this place.
 D = Time resting spent in this place.
 E = Time spent auto-exploring this place.
 F = Levels seen in this place.
 G = Mean time per level.
                   A        B        C        D        E       F      G
               +--------+--------+--------+--------+--------+-----+--------+
         Total |   4141 |   4039 |    102 |    488 |   2891 |   4 | 1035.2 |
       Dungeon |   4141 |   4039 |    102 |    488 |   2891 |   4 | 1035.2 |
               +--------+--------+--------+--------+--------+-----+--------+

Top non-repeatable levels by time:
     D:3: 1530 daAuts
     D:4: 920 daAuts
     D:1: 863 daAuts
     D:2: 826 daAuts
